 Dungeon Crawl Stone Soup version 0.29-a0-334-gb41bcbb (webtiles) character file.

Game seed: 11461173371668569840

56 PanadianCanda the Skirmisher (level 3, -8/29 HPs)
             Began as a Demonspawn Monk on Apr 13, 2022.
             Mangled by an iguana (13 damage)
             ... on level 3 of the Dungeon.
             The game lasted 00:07:30 (2136 turns).

PanadianCanda the Skirmisher (Demonspawn Monk)      Turns: 2136, Time: 00:07:30

Health: -8/29      AC:  3    Str: 11    XL:     3   Next: 71%
Magic:  3/3        EV: 13    Int: 11    God:
Gold:   136        SH:  0    Dex: 17    Spells: 2/2 levels left

rFire   . . .      SeeInvis +   l - +0 dagger
rCold   . . .      Faith    .   (no shield)
rNeg    . . .      Spirit   .   b - +0 robe
rPois   .          Reflect  .   (helmet restricted)
rElec   .          Harm     .   i - +0 cloak
rCorr   +          Rampage  .   (no gloves)
Will    .....                   (no boots)
Stlth   +.........              (no amulet)
HPRegen 0.09/turn               m - ring of see invisible
MPRegen 0.16/turn               k - ring of resist corrosion

@: confused, ambrosia-drunk
A: antennae 1, magic regeneration
a: no special abilities


You were on level 3 of the Dungeon.
You visited 1 branch of the dungeon, and saw 3 of its levels.

You collected 136 gold pieces.

Inventory:

Hand Weapons
 a - a +0 short sword
 l - a +0 dagger (weapon)
 o - a +1 whip of electrocution
Armour
 b - a +0 robe (worn)
 i - a +0 cloak (worn)
Jewellery
 k - a ring of resist corrosion (right hand)
 m - a ring of see invisible (left hand)
Scrolls
 e - a scroll of identify {unknown}
 f - a scroll of torment {unknown}
 g - 2 scrolls of teleportation {unknown}
 n - a scroll of blinking {unknown}
 p - a scroll of enchant weapon {unknown}
Potions
 d - a potion of degeneration {unknown}
 h - 2 potions of curing {unknown}
 j - a potion of haste {unknown}
 q - a potion of brilliance {unknown}
 r - a potion of might {unknown}


   Skills:
 + Level 3.3 Fighting
 * Level 3.3 Short Blades
 * Level 3.2 Dodging
 * Level 2.3 Stealth


You had 2 spell levels left.
You didn't know any spells.
Your spell library contained the following spells:

 Spells                   Type           Power      Damage    Failure   Level
 Magic Dart               Conj           0%         1d3       34%         1
 Call Imp                 Summ           0%         N/A       47%         2
 Mephitic Cloud           Conj/Pois/Air  0%         N/A       71%         3


Dungeon Overview and Level Annotations

Branches:
Dungeon (3/15)

Altars:
Elyvilon


Innate Abilities, Weirdness & Mutations

You have a pair of small antennae on your head.
You regenerate magic rapidly.


Message History

You climb downwards.
Found a robe.
There is a stone staircase leading up here.
Found a stone staircase leading down.
A frilled lizard comes into view.
The frilled lizard hisses angrily.
A frilled lizard is nearby!
You hit the frilled lizard.
You kill the frilled lizard!
No target in view!
An iguana comes into view.
Okay, then.
An iguana is nearby!
A dart slug comes into view.
Found a stone staircase leading up.
You barely miss the iguana.
The iguana hisses angrily.
The iguana misses you.
You hit the iguana but do no damage. The iguana bites you!
The dart slug launches a dart at you. The slug dart hits you.
You hit the iguana.
The iguana is lightly wounded.
The iguana barely misses you. The iguana attacks as you move away!
The iguana bites you!
* * * LOW HITPOINT WARNING * * *
You are confused.
You feel invigorated.
The iguana bites you but does no damage.
The iguana bites you. The iguana bites you!
* * * LOW HITPOINT WARNING * * *
The iguana attacks as you move away! The iguana barely misses you.
You're too confused to move!
The iguana closely misses you.
You bump into the rock wall.
The iguana bites you!
* * * LOW HITPOINT WARNING * * *
The dart slug bites you.
* * * LOW HITPOINT WARNING * * *
The iguana attacks as you move away! The iguana bites you!
You die...

##.##
##...#######
...#.......#
######
##...#####.#
#..... ##.##
#.# #... ###
####.#####.#
#...>..†...#
#...........#
#..##.####.@#
#.. #.# #wl#
#. ##.####..#
#### #
....<....#
....#
###.##.....#
###.# #.###.#
.. .# #.. # #
.#.


You could see an iguana and a dart slug.

Vanquished Creatures
  2 adders (D:2)
  A ball python (D:2)
  9 bats
  An endoplasm (D:1)
  A giant cockroach (D:2)
  3 goblins
  4 hobgoblins (D:2)
  3 jackals (D:1)
  3 quokkas
  A frilled lizard (D:3)
  2 kobolds
  6 rats
36 creatures vanquished.

Notes
Turn   | Place    | Note
-------+----------+-------------------------------------------
     0 | D:1      | PanadianCanda the Demonspawn Monk began the quest for the
                  | Orb.
     0 | D:1      | Reached XP level 1. HP: 18/18 MP: 1/1
   573 | D:1      | Gained mutation: You regenerate magic rapidly. [demonic
                  | ancestry]
   573 | D:1      | Reached XP level 2. HP: 12/24 MP: 2/2
  1474 | D:2      | Gained mutation: You have a pair of small antennae on your
                  | head. [demonic ancestry]
  1474 | D:2      | Reached XP level 3. HP: 19/29 MP: 3/3
  2136 | D:3      | Mangled by an iguana

Illustrated notes

Levels and vault maps discovered:
D:1:      saegor_arrival_simple_d, layout_rooms
D:2:      layout_basic, basic_altar, skrybe_limestone_x,
          dreamdust_mushroom_princess
D:3:      layout_loops_ring, minmay_fractal_squares_gapless_5

Skill      XL: |  1  2 |
---------------+-------+-----
Short Blades   | 3 |  3.3
Dodging        | 3 |  3.2
Stealth        | 2 |  2.3
Fighting       | |  3.3

Action                   || total
-------------------------++-------
Melee: Short sword       ||   139
       Punch             ||     3
       Dagger            ||    10
  Use: Potion            ||     1
 Stab: Sleeping          ||     7
Armor: Robe              ||    24
Dodge: Dodged            ||   101

Table legend: (Time is in decaauts)
 A = Elapsed time spent in this place.
 B = Non-inter-level travel time spent in this place.
 C = Inter-level travel time spent in this place.
 D = Time resting spent in this place.
 E = Time spent auto-exploring this place.
 F = Levels seen in this place.
 G = Mean time per level.
                   A        B        C        D        E       F      G
               +--------+--------+--------+--------+--------+-----+--------+
         Total |   2125 |   2103 |     22 |    843 |    842 |   3 |  708.3 |
       Dungeon |   2125 |   2103 |     22 |    843 |    842 |   3 |  708.3 |
               +--------+--------+--------+--------+--------+-----+--------+

Top non-repeatable levels by time:
     D:1: 1062 daAuts
     D:2: 1009 daAuts
     D:3: 54 daAuts
